 Dungeon Crawl Stone Soup version 0.22-a0-322-g60b3cfd (webtiles) character file.

39379 4thArraOfDagon the Severer (level 14, 0/126 HPs)
             Began as a Hill Orc Conjurer on Apr 5, 2018.
             Was a Priest of Beogh.
             Slain by a wolf spider simulacrum (4 damage)
             ... on level 15 of the Dungeon.
             The game lasted 01:05:21 (14519 turns).

4thArraOfDagon the Severer (Hill Orc Conjurer)     Turns: 14519, Time: 01:05:22

Health: 0/126      AC: 11    Str: 10    XL:     14   Next: 6%
Magic:  18/23      EV: 11    Int: 19    God:    Beogh [***...]
Gold:   117        SH:  0    Dex: 11    Spells: 3/25 levels left

rFire    x . .     SeeInvis .   M - +4 broad axe (vamp)
rCold    + . .     Gourm    .   (no shield)
rNeg     . . .     Faith    .   H - +0 troll leather armour
rPois    .         Spirit   .   r - +2 helmet
rElec    .         Reflect  .   k - +0 cloak
rCorr    .         Harm     .   t - +0 pair of gloves
MR       ++...                  (no boots)
Stlth    +.........             (no amulet)
HPRegen  0.71/turn              f - ring of ice
MPRegen  0.18/turn              G - ring of protection from magic

@: no status effects
A: robust 1, screaming 1, weak 1
a: Smiting, Renounce Religion


You were on level 15 of the Dungeon.
You worshipped Beogh.
Beogh was most pleased with you.
You were not hungry.

You visited 2 branches of the dungeon, and saw 17 of its levels.
You also visited: Sewer and Ice Cave.

You collected 1772 gold pieces.
You spent 1655 gold pieces at shops.

Inventory:

Hand Weapons
 a - a +1 hand axe of freezing
 b - the +2 war axe "Lonnulur" {chop, Dex+2}
   (You found it on level 10 of the Dungeon)

   It inflicts extra damage upon your enemies.
   It affects your dexterity (+2).
 e - a +2 dagger of freezing
 o - a +6 lajatang of speed
 x - a +0 morningstar
 z - a +0 battleaxe
 M - a +4 vampiric broad axe (weapon)
Missiles
 E - a throwing net (quivered)
Armour
 k - a +0 cloak (worn)
 r - a +2 helmet (worn)
 t - a +0 pair of gloves (worn)
 y - a +0 scale mail of fire resistance
 H - a +0 troll leather armour (worn)
 N - a +1 helmet
 O - the +0 robe of Hedging {rPois rF+ Stlth-}
   (You bought it in a shop on level 2 of the Orcish Mines)

   It protects you from fire.
   It protects you from poison.
   It makes you less stealthy.
Jewellery
 f - a ring of ice (left hand)
 i - an uncursed ring of flight
 G - a ring of protection from magic (right hand)
Wands
 n - a wand of flame (18)
 I - a wand of digging (8)
 T - a wand of polymorph (12)
Scrolls
 g - a scroll of noise
 h - a scroll of random uselessness
 j - 3 scrolls of remove curse
 p - a scroll of torment
 q - 3 scrolls of blinking
 s - 6 scrolls of identify
 v - a scroll of holy word
 w - a scroll of amnesia
 B - 2 scrolls of teleportation
 C - 4 scrolls of enchant armour
 J - 2 scrolls of fog
 K - a scroll of immolation
 U - a scroll of acquirement
 V - 2 scrolls of magic mapping
Potions
 d - 2 potions of ambrosia
 l - 2 potions of heal wounds
 m - a potion of berserk rage
 u - 4 potions of curing
 A - 2 potions of haste
 D - a potion of cancellation
 F - a potion of brilliance
 L - 2 potions of might
 Q - 2 potions of lignification
 R - a potion of resistance
 S - a potion of agility
Comestibles
 c - 10 rations
 P - 4 chunks of flesh


   Skills:
 - Level 8.0 Fighting
 - Level 19.0 Axes
 - Level 8.0 Armour
 - Level 1.5 Dodging
 - Level 1.5 Stealth
 * Level 6.3 Spellcasting
 - Level 4.0 Conjurations
 - Level 4.0 Charms
 - Level 6.4 Necromancy
 * Level 3.1 Transmutations
 * Level 4.2 Earth Magic
 - Level 10.0 Invocations


You had 3 spell levels left.
You knew the following spells:

 Your Spells              Type           Power        Failure   Level  Hunger
a - Magic Dart            Conj           ###.         2%          1    None
b - Iskenderun's Mystic   Conj           ###.....     26%         4    ####...
c - Vampiric Draining     Necr           ####......   3%          3    ##.....
d - Regeneration          Chrm/Necr      ####......   4%          3    ##.....
e - Lee's Rapid Deconstr  Erth           ###.......   56%         5    #####..
f - Statue Form           Tmut/Erth      ###......    99%         6    #######


Dungeon Overview and Level Annotations

Branches:
Dungeon (15/15)            Temple (0/1) D:4             Orc (2/2) D:12
    Elf (0/3) Orc:2
   Lair: D:8-11      Vaults: D:13-14     Depths: D:15

Altars:
Ashenzari
Hepliaklqana
Kikubaaqudgha
Makhleb
Nemelex Xobeh
Qazlal
Ru
Sif Muna
Trog
Yredelemnul
Zin
The Shining One
Beogh

Shops:
D:8 (   D:14 ?   D:15 ?   Orc:2 *[:(

Annotations:
D:4 Sigmund
D:11 medis's ghost, journeyman TrMo


Innate Abilities, Weirdness & Mutations

You are robust. (+10% HP)
You occasionally shout uncontrollably at your foes.
You are weak. (Str -2)


Message History

You resist.
Unknown command.
You barely miss the wolf spider simulacrum.
The wolf spider simulacrum is moderately damaged.
The wolf spider simulacrum hits you! The wolf spider simulacrum freezes you!
You resist. The wolf spider simulacrum bites you.
The wolf spider simulacrum freezes you! You resist.
* * * LOW HITPOINT WARNING * * *
Unknown command.
Aiming: Smiting
Press: ? - help, Dir - move target cursor, f - wolf spider simulacrum Smite: a wolf spider simulacrum (moderately damaged)
You smite the wolf spider simulacrum!
The wolf spider simulacrum is almost destroyed.
The wolf spider simulacrum hits you!
* * * LOW HITPOINT WARNING * * *
The wolf spider simulacrum freezes you! You resist.
* * * LOW HITPOINT WARNING * * *
The wolf spider simulacrum bites you.
You die...

..### #.#...# ..# #.#...# ...#
..# #.# #.#...# ...## ..# #.#
#.#...# ...%# ..# #.# #.#...#
....# #####.#########.#...#
....+ #.................#
....#
#.#...........#..######...(#
###.#.######....@Z...........#
....<........#....######.....#
################### #.##.##
... # #Z## #.# #.# #.#


You could see a wolf spider simulacrum.

Vanquished Creatures
  Agnes (D:15)
  An orc warlord (Orc:2)
  Azrael (D:13)
  A catoblepas (D:13)
  A hydra (D:13)
  A death knight (D:13)
  3 two-headed ogres
  2 orc high priests (Orc:2)
  An unseen horror (D:11)
  A wizard (D:14)
  A wolf spider zombie (D:14)
  2 orc knights (Orc:2)
  3 ugly things (D:15)
  3 cyclopes
  6 manticores
  Maurice (Orc:2)
  5 centaur zombies
  3 orange demons (D:12)
  2 hellwings
  3 trolls
  3 meliai (D:14)
  A meliai zombie (D:10)
  A hornet (D:12)
  Grinder (D:3)
  3 slime creatures (D:12)
  A hippogriff (D:12)
  A shadow (D:15)
  A centaur simulacrum (D:15)
  A water elemental (D:14)
  2 wraiths
  2 wyverns
  7 yaks (D:13)
  Grum (D:9)
  A hungry ghost (D:13)
  4 fire elementals (D:13)
  2 vampire mosquitoes (D:12)
  A warg (Orc:1)
  An acid dragon (D:13)
  3 porcupines (D:9)
  2 hell hounds (D:13)
  3 ice beasts (D:10)
  9 orc warriors
  2 necrophages
  2 sky beasts
  6 ogres
  2 eyes of draining
  A phantom (D:14)
  2 wolves (D:9)
  3 centaurs
  A crocodile (Sewer)
  A big kobold (D:11)
  9 bullfrogs
  2 scorpions (D:12)
  13 killer bees
  6 wights
  7 electric eels
  7 howler monkeys
  2 bullfrog zombies (D:12)
  7 crimson imps
  9 hounds
  8 orc priests
  2 bullfrog skeletons
  3 centaur skeletons
  A jelly (D:14)
  7 orc wizards
  Terence (D:3)
  4 worker ants
  An iguana (D:10)
  A howler monkey zombie (D:7)
  A worker ant zombie (D:8)
  Robin (D:2)
  13 gnolls
  2 howler monkey skeletons
  13 adders
  8 shadow imps
  8 white imps (Orc:2)
  2 oozes
  An adder zombie (D:5)
  2 dart slugs
  10 leopard geckos
  21 orcs
  8 giant cockroaches
  12 hobgoblins
  13 jackals
  20 kobolds
  5 quokkas
  3 ball pythons
  11 bats
  8 frilled lizards
  13 goblins
  A leopard gecko skeleton (D:7)
  8 rats
  A plant (D:6)
388 creatures vanquished.

Vanquished Creatures (collateral kills)
  A fire giant (D:11)
  The ghost of Arum the Thaumaturge, a journeyman DrMo of Nemelex Xobeh (D:13)
  A hydra (D:11)
  Erica (D:9)
  An orc high priest (Orc:2)
  A glowing orange brain (shapeshifter) (D:11)
  An orc knight (Orc:1)
  2 cyclopes
  4 orc sorcerers
  2 centaur zombies
  A hornet (D:9)
  A hippogriff (D:10)
  A vampire (D:11)
  3 yaks (D:13)
  A steam dragon (D:10)
  2 vampire mosquitoes (D:12)
  A hungry ghost (D:11)
  An acid dragon (D:11)
  A necrophage (D:9)
  2 sky beasts
  11 orc warriors
  A wolf (D:9)
  An ogre (Orc:2)
  2 big kobolds (D:9)
  4 bullfrogs
  A scorpion (D:12)
  2 crimson imps
  A bullfrog zombie (D:6)
  A hound (D:10)
  10 orc priests
  2 bullfrog skeletons
  An iguana (D:5)
  9 orc wizards
  A worker ant (D:7)
  2 hound zombies
  7 gnolls
  4 white imps (Orc:2)
  A leopard gecko (D:5)
  14 orcs
  2 gnoll zombies (D:9)
  2 jackals
  2 kobolds
  A quokka (D:6)
  2 plants (D:6)
113 creatures vanquished.

Vanquished Creatures (others)
  An orc high priest (Orc:2)
  4 orc knights
  An orc sorcerer (Orc:2)
  A water elemental (D:13)
  15 orc warriors
  13 orc wizards
  A bullfrog zombie (D:13)
  8 orc priests
  32 orcs
  A fungus (D:9)
77 creatures vanquished.

Grand Total: 578 creatures vanquished

Notes
Turn   | Place    | Note
-------+----------+-------------------------------------------
     0 | D:1      | 4thArraOfDagon the Hill Orc Conjurer began the quest for the Orb.
     0 | D:1      | Reached XP level 1. HP: 14/14 MP: 3/3
     0 | D:1      | 4thArraOfDagon: ru challenge!
    74 | D:1      | Sergey: I like how you play Ru
   106 | D:1      | Reached skill level 1 in Fighting
   282 | D:1      | Sergey: I tried to play in such way and got first rune at 10k
   283 | D:1      | Reached XP level 2. HP: 24/24 MP: 0/4
   326 | D:1      | Sergey: it was my best
   580 | D:1      | Thaneod: nice
   679 | D:1      | Reached XP level 3. HP: 22/31 MP: 0/5
  1086 | D:2      | Reached XP level 4. HP: 18/41 MP: 0/6
  1162 | D:2      | Found a burning altar of Makhleb.
  1286 | D:2      | Reached skill level 5 in Fighting
  1384 | D:3      | Noticed Robin
  1502 | D:3      | Reached XP level 5. HP: 36/48 MP: 1/7
  1598 | D:4      | Noticed a phantom
  1771 | D:4      | Became a worshipper of Beogh the Brigand
  1812 | D:4      | Sergey: but beogh isnt ru
  1820 | D:4      | Found a glowing drain.
  1841 | Sewer    | Entered a sewer
  1889 | Sewer    | 4thArraOfDagon: this will be something different :)
  1889 | Sewer    | Sergey: beogh->ru ?
  1889 | Sewer    | 4thArraOfDagon: yep
  1889 | Sewer    | Sergey: hm
  1889 | Sewer    | Sergey: interesting
  1889 | Sewer    | 4thArraOfDagon: and abandon ru as many times as possible
  1889 | Sewer    | 4thArraOfDagon: to collect all muts!
  1924 | Sewer    | Noticed a crocodile
  1927 | Sewer    | Sergey: does beogh give mutation ?
  1936 | Sewer    | Killed a crocodile
  1936 | Sewer    | Reached XP level 6. HP: 58/58 MP: 8/8
  2034 | D:5      | Entered Level 5 of the Dungeon
  2035 | D:5      | Sergey: or you want to make billion sacrifices ?
  2111 | D:4      | Found a staircase to the Ecumenical Temple.
  2165 | D:4      | Reached skill level 1 in Axes
  2280 | D:3      | Noticed Terence
  2438 | D:3      | Killed Terence
  2438 | D:3      | Reached * piety under Beogh
  2438 | D:3      | Reached skill level 1 in Invocations
  2492 | D:2      | Killed Robin
  2555 | D:2      | Reached skill level 2 in Axes
  2872 | D:2      | Reached XP level 7. HP: 5/66 MP: 5/9
  3598 | D:3      | Gained mutation: You occasionally shout uncontrollably at your foes. [potion of mutation]
  3598 | D:3      | Gained mutation: You are robust. (+10% HP) [potion of mutation]
  3656 | D:3      | Noticed Grinder
  3705 | D:3      | Paralysed by Grinder for 5 turns
  3718 | D:4      | Learned a level 4 spell: Iskenderun's Mystic Blast
  3723 | D:3      | Killed Grinder
  3723 | D:3      | Reached skill level 4 in Axes
  4177 | D:4      | Noticed Sigmund
  4977 | D:7      | Reached skill level 5 in Axes
  5018 | D:7      | Found a stormy altar of Qazlal.
  5172 | D:7      | Reached skill level 7 in Axes
  5172 | D:7      | Reached XP level 8. HP: 41/81 MP: 9/11
  5338 | D:7      | Reached ** piety under Beogh
  5350 | D:7      | Reached skill level 5 in Invocations
  5448 | D:7      | Learned a level 3 spell: Vampiric Draining
  5468 | D:7      | Found a bloodstained altar of Trog.
  5502 | D:7      | Reached skill level 8 in Axes
  5506 | D:7      | Reached skill level 1 in Necromancy
  5532 | D:7      | Found a sacrificial altar of Ru.
  5768 | D:7      | Noticed a hellwing
  5820 | D:7      | Reached XP level 9. HP: 57/89 MP: 13/13
  5831 | D:7      | Learned a level 3 spell: Regeneration
  5871 | D:7      | Noticed a hellwing
  5919 | D:8      | Reached skill level 9 in Axes
  6232 | D:8      | p0werm0de: hill orc hype today
  6398 | D:8      | Found Zuimaak's Weapon Emporium.
  6725 | D:9      | Noticed Erica
  6748 | D:8      | Reached *** piety under Beogh
  6831 | D:9      | Noticed a hornet
  7022 | D:8      | Found a shattered altar of Ashenzari.
  7069 | D:8      | Killed a hellwing
  7074 | D:8      | Reached skill level 10 in Axes
  7168 | D:7      | Reached skill level 5 in Necromancy
  7242 | D:7      | Reached XP level 10. HP: 29/96 MP: 15/15
  7477 | D:7      | Reached skill level 11 in Axes
  7622 | D:7      | Reached skill level 1 in Armour
  7881 | D:6      | Found an ancient bone altar of Kikubaaqudgha.
  8028 | D:6      | Found a glowing golden altar of the Shining One.
  8071 | D:6      | Found a deep blue altar of Sif Muna.
  8078 | D:6      | Found a sparkling altar of Nemelex Xobeh.
  8084 | D:6      | Found a hazy altar of Hepliaklqana.
  8118 | D:5      | Found a glowing silver altar of Zin.
  8704 | D:10     | Entered Level 10 of the Dungeon
  8876 | D:11     | Killed an unseen horror
  8923 | D:10     | Reached skill level 12 in Axes
  8929 | D:10     | Identified the cursed +2 war axe "Lonnulur" {chop, Dex+2} (You found it on level 10 of the Dungeon)
  9139 | D:9      | Reached XP level 11. HP: 94/103 MP: 17/17
  9144 | D:9      | Noticed Grum
  9153 | D:9      | Killed Grum
  9153 | D:9      | Reached skill level 1 in Charms
  9337 | D:9      | Gained Brunolf as an ally
  9345 | D:9      | Killed Erica
  9432 | D:9      | Reached **** piety under Beogh
  9447 | D:9      | Found a basalt altar of Yredelemnul.
  9781 | D:11     | Reached skill level 13 in Axes
  9922 | D:12     | Noticed a manticore
  9937 | D:12     | Killed a manticore
  9944 | D:12     | Gained Grimold as an ally
  9946 | D:12     | Noticed a two-headed ogre
  9952 | D:12     | Killed a two-headed ogre
 10141 | D:11     | Noticed a cyclops
 10143 | D:11     | Reached skill level 5 in Armour
 10143 | D:11     | Reached skill level 10 in Invocations
 10155 | D:11     | Killed a cyclops
 10156 | D:11     | Noticed a five-headed hydra
 10159 | D:11     | Killed a six-headed hydra
 10177 | D:11     | Noticed a faun
 10178 | D:11     | Noticed medis's ghost (journeyman TrMo)
 10185 | D:11     | Noticed a glowing orange brain
 10188 | D:11     | Killed a glowing orange brain
 10188 | D:11     | Reached skill level 14 in Axes
 10201 | D:11     | Noticed a fire giant
 10204 | D:11     | Killed a fire giant
 10204 | D:11     | Reached XP level 12. HP: 53/111 MP: 9/19
 10208 | D:11     | Noticed a storm dragon
 10212 | D:11     | Your ally Grimold died
 10215 | D:11     | Your ally Brunolf died
 10532 | D:12     | HP: 2/111 [killer bee (9)]
 10625 | D:12     | Learned a level 5 spell: Lee's Rapid Deconstruction
 10658 | D:12     | Reached skill level 15 in Axes
 10680 | D:12     | Found a staircase to the Orcish Mines.
 10716 | D:12     | Found a roughly hewn altar of Beogh.
 11122 | Orc:1    | Entered Level 1 of the Orcish Mines
 11128 | Orc:2    | Entered Level 2 of the Orcish Mines
 11190 | Orc:2    | Found a frozen archway.
 11193 | Orc:2    | Reached ***** piety under Beogh
 11195 | Orc:2    | Gained Borgoth as an ally
 11216 | IceCv    | Entered an ice cave
 11242 | Orc:1    | Thaneod: chcesz nastepny robic?
 11310 | Orc:1    | Your ally Borgoth died
 11537 | Orc:1    | 4thArraOfDagon: ta
 11567 | Orc:2    | Noticed Maurice
 11568 | Orc:2    | Found a staircase to the Elven Halls.
 11578 | Orc:2    | Killed Maurice
 11678 | Orc:2    | Reached skill level 16 in Axes
 11841 | Orc:2    | Gained Thorok as an ally
 11846 | Orc:2    | Your ally Thorok died
 11898 | Orc:2    | Noticed an orc high priest
 11923 | Orc:2    | Killed an orc high priest
 12148 | Orc:2    | Noticed an orc warlord
 12161 | Orc:2    | Killed an orc warlord
 12161 | Orc:2    | Reached skill level 17 in Axes
 12230 | Orc:2    | Noticed an orc high priest
 12242 | Orc:2    | Killed an orc high priest
 12242 | Orc:2    | Reached XP level 13. HP: 81/117 MP: 7/20
 12332 | Orc:2    | Found Lourch's General Store.
 12333 | Orc:2    | Gained mutation: You are weak. (Str -2) [a neqoxec]
 12349 | Orc:2    | Found Onukicut's Book Shop.
 12350 | Orc:2    | Found Loteras's Antique Armour Shop.
 12350 | Orc:2    | Found Gootakk's Antique Weapon Boutique.
 12364 | Orc:2    | Bought a scroll of teleportation for 39 gold pieces
 12364 | Orc:2    | Bought a scroll of random uselessness for 13 gold pieces
 12365 | Orc:2    | Bought a book of the Earth for 975 gold pieces
 12366 | Orc:2    | Bought a scroll of enchant weapon for 97 gold pieces
 12366 | Orc:2    | Bought a potion of might for 52 gold pieces
 12376 | Orc:2    | Bought a shiny helmet for 172 gold pieces
 12376 | Orc:2    | Bought a fine robe for 131 gold pieces
 12396 | Orc:2    | Identified the cursed +0 robe of Hedging {rPois rF+ Stlth-} (You bought it in a shop on level 2 of the Orcish Mines)
 12548 | D:13     | Found a bloodstained altar of Trog.
 12574 | D:13     | Reached skill level 18 in Axes
 12636 | D:13     | Noticed Arum's ghost (journeyman DrMo)
 12656 | D:13     | Killed Arum's ghost
 12656 | D:13     | Gained Learuk as an ally
 12717 | D:13     | Reached skill level 5 in Spellcasting
 12747 | D:13     | Your ally Learuk died
 12754 | D:13     | Noticed Azrael
 12755 | D:13     | :O
 12759 | D:13     | Killed Azrael
 12971 | D:13     | Learned a level 6 spell: Statue Form
 13204 | D:13     | Reached skill level 1 in Earth Magic
 13342 | D:13     | Reached skill level 1 in Transmutations
 13465 | D:14     | Found Foeh's Magic Scroll Boutique.
 13482 | D:14     | Bought a scroll of identify for 22 gold pieces
 13482 | D:14     | Bought a scroll of identify for 22 gold pieces
 13615 | D:14     | Identified a scroll of acquirement
 13945 | D:15     | Entered Level 15 of the Dungeon
 14072 | D:15     | Found Ydyph's Magic Scroll Emporium.
 14094 | D:15     | Bought a scroll of enchant weapon for 90 gold pieces
 14094 | D:15     | Bought a scroll of magic mapping for 42 gold pieces
 14122 | D:14     | :O
 14367 | D:15     | Noticed Agnes
 14368 | D:15     | Thaneod: idź mnie uratuj:)
 14371 | D:15     | Killed Agnes
 14371 | D:15     | Reached skill level 19 in Axes
 14379 | D:15     | Reached XP level 14. HP: 93/126 MP: 7/23
 14416 | D:15     | 4thArraOfDagon: cos narboil
 14416 | D:15     | 4thArraOfDagon: :)
 14502 | D:15     | Thaneod: pan lordy, hell sentinele, fiendy
 14519 | D:15     | HP: 4/126 [wolf spider simulacrum (12)]
 14519 | D:15     | Slain by a wolf spider simulacrum

Vault maps used:
D:1:      roderic_dead_forest, st_stairs_9
D:2:      makhleb_heckhound_becter, serial_curves, eino_curves_01,
          eino_curves_03
D:3:      cheibrodos_helix_gallery, first_ration, uniq_grinder, uniq_terence,
          uniq_robin
D:4:      minmay_temple_entry_enclosed_plants, gup_sewer_entry_pipe,
          uniq_sigmund
D:5:      nicolae_overflow_hidden_temple
D:6:      wad_woods_pond, kennysheep_mini_moat, lemuel_crystal_altar,
          minmay_overflow_temple_star_quad
D:7:      cheibrodos_grave_circle, grunt_qazlal_sundering,
          nicolae_overflow_crystal_walls, nicolae_ru_great_annihilating_truth,
          minmay_splitting_lines
D:8:      serial_shops, shop, grunt_ogre_cave, cheibrodos_ashenzari_chains
D:9:      lemuel_zombie_altar_yredelemnul, grunt_lair_entry_orc_guard_hut,
          uniq_grum, uniq_erica
D:11:     minmay_klotski, hangedman_abyss_or_decor_passed
D:12:     minmay_orc_entry_temple_small, einodemon_barbed_minivault
D:13:     basic_altar, kennysheep_boxes, uniq_azrael, uniq_snorg
D:14:     hangedman_vaults_entry_quadrant_bands, hangedman_decor_riveting,
          serial_shops, shop
D:15:     grunt_enter_depths_hoard, serial_shops, shop, hangedman_decor_growths,
          uniq_agnes
Orc:1:    basic_altar, nicolae_orc_pool_cavern
Orc:2:    st_orc_congregation, portal_ice_cave_entry_imps, uniq_maurice
Sewer:    sewer_big_baddie
IceCv:    ice_cave_statue_garden_teleport

Skill      XL: |  1  2  3  4  5  6  7  8  9 10 11 12 13 14 |
---------------+-------------------------------------------+-----
Fighting       | 2 3 4 5 6 7 8 |  8.0
Axes           | 2 7 8 10 12 14 17 19 | 19.0
Invocations    | 1 4 5 7 9 10 | 10.0
Necromancy     | 2 5 6 |  6.4
Spellcasting   | 2 3 4 6 |  6.3
Armour         | 3 6 8 |  8.0
Charms         | 4 |  4.0
Earth Magic    | 3 4 |  4.2
Transmutations | 2 3 |  3.1
Dodging        | |  1.5
Stealth        | |  1.5
Conjurations   | |  4.0

Action                   |  1- 3 |  4- 6 |  7- 9 | 10-12 | 13-15 || total
-------------------------+-------+-------+-------+-------+-------++-------
Melee: Unarmed           |    16 |       |       |       |       ||    16
       Short sword       |    17 |   118 |       |       |       ||   135
       Dagger            |       |   137 |    86 |       |       ||   223
       Hand axe          |       |       |    47 |     5 |       ||    52
       Morningstar       |       |       |   304 |       |       ||   304
       Battleaxe         |       |       |       |   149 |       ||   149
       War axe           |       |       |       |   327 |       ||   327
       Broad axe         |       |       |       |    38 |   385 ||   423
Throw: Throwing net      |       |       |     2 |     1 |     1 ||     4
 Cast: Magic Dart        |    60 |    69 |    22 |       |       ||   151
       Iskenderun's Myst |       |       |     2 |       |       ||     2
       Vampiric Draining |       |       |     7 |    37 |    17 ||    61
       Regeneration      |       |       |       |    13 |    26 ||    39
Invok: Convert to Beogh  |       |     1 |       |       |       ||     1
       Smiting           |       |       |     3 |    22 |    29 ||    54
       Recall Orcish Fol |       |       |       |     4 |       ||     4
       Stop Recall       |       |       |       |     1 |       ||     1
Evoke: Wand              |       |       |    45 |    20 |    20 ||    85
  Use: Potion            |     2 |     3 |     7 |     3 |     2 ||    17
       Scroll            |       |     9 |    11 |    11 |    10 ||    41
 Stab: Paralysed         |       |       |    18 |       |       ||    18
       Invisible         |       |       |     1 |       |       ||     1
       Distracted        |       |       |       |     6 |     1 ||     7
       Held in net/web   |       |       |       |     1 |       ||     1
  Eat: Chunk             |     2 |     8 |    13 |    13 |    12 ||    48
       Ration            |       |       |     2 |     4 |       ||     6
Armor: Robe              |     8 |    33 |       |       |       ||    41
       Skin              |       |     5 |    12 |       |       ||    17
       Ring mail         |       |    41 |   224 |       |       ||   265
       Scale mail        |       |       |    42 |   199 |       ||   241
       Troll leather arm |       |       |       |    89 |   132 ||   221
Dodge: Dodged            |    43 |   148 |   284 |   272 |   153 ||   900

Table legend:
 A = Spawn XP
 B = Non-spawn XP
 C = Spawn XP percentage of total XP
 D = Spawn monster count
 E = Non-spawn monster count
 F = Spawn count percentage of total count
 G = Total turns spent on level
                    A         B        C        D         E        F      G
               +---------+---------+-------+---------+---------+-------+---------
         Total |       0 |   56257 |   0.0 |       0 |     497 |   0.0 | 14519
               +---------+---------+-------+---------+---------+-------+---------
           D:1 |       0 |      42 |   0.0 |       0 |      24 |   0.0 |  1139
           D:2 |       0 |     210 |   0.0 |       0 |      26 |   0.0 |  1518
           D:3 |       0 |     430 |   0.0 |       0 |      40 |   0.0 |  1170
           D:4 |       0 |     163 |   0.0 |       0 |      14 |   0.0 |   678
           D:5 |       0 |     224 |   0.0 |       0 |      16 |   0.0 |   627
           D:6 |       0 |     234 |   0.0 |       0 |      15 |   0.0 |   551
           D:7 |       0 |    3513 |   0.0 |       0 |      47 |   0.0 |  1533
           D:8 |       0 |    1315 |   0.0 |       0 |      22 |   0.0 |   868
           D:9 |       0 |    2838 |   0.0 |       0 |      34 |   0.0 |   823
          D:10 |       0 |    1734 |   0.0 |       0 |      22 |   0.0 |   501
          D:11 |       0 |    4599 |   0.0 |       0 |      24 |   0.0 |   603
          D:12 |       0 |    8003 |   0.0 |       0 |      53 |   0.0 |   990
          D:13 |       0 |   11800 |   0.0 |       0 |      47 |   0.0 |   911
          D:14 |       0 |    4855 |   0.0 |       0 |      22 |   0.0 |   536
          D:15 |       0 |    6248 |   0.0 |       0 |      11 |   0.0 |   525
         Orc:1 |       0 |    1125 |   0.0 |       0 |       7 |   0.0 |   315
         Orc:2 |       0 |    8814 |   0.0 |       0 |      67 |   0.0 |  1069
         Sewer |       0 |     110 |   0.0 |       0 |       6 |   0.0 |   158
               +---------+---------+-------+---------+---------+-------+---------
